[Event "*** Titled Tuesday Blitz"]
[Site "Chess.com"]
[Date "2021.03.02"]
[Round "9"]
[White "VladimirBugayev"]
[Black "Maddie"]
[Result "1-0"]
[WhiteElo "2295"]
[BlackElo "2064"]
[TimeControl "180+1"]
[EndTime "11:43:41 PST"]
[Termination "VladimirBugayev won by resignation"]

1. e4 c5 2. Nc3 Nc6 3. Bb5 Nf6 4. Bxc6 dxc6 5. f4 Bg4 6. Nf3 e6 7. h3 Bh5 8. g4 Bg6 9. f5 Nxe4 10. fxg6 Nxc3 11.
gxf7+ Kxf7 12. dxc3 Bd6 13. Ng5+ Kg8 14. O-O h6 15. Nf7 Qh4 16. Qxd6 Qxh3 17. Qh2 Qxg4+ 18. Qg2 Qh5 19. Nxh8 1-0

[Event "*** Titled Tuesday Blitz"]
[Site "Chess.com"]
[Date "2021.03.02"]
[Round "9"]
[White "louis198"]
[Black "Gogolev_Artemy"]
[Result "1-0"]
[WhiteElo "2631"]
[BlackElo "2488"]
[TimeControl "180+1"]
[EndTime "11:44:06 PST"]
[Termination "louis198 won by resignation"]

1. d4 Nf6 2. c4 e6 3. Nc3 Bb4 4. Qb3 c5 5. e3 d5 6. cxd5 exd5 7. dxc5 Nc6 8. Bb5 Bxc5 9. Nge2 O-O 10. O-O Bd6 11. Ng3 d4 12. Bxc6 bxc6 13. exd4 Bxg3 14. hxg3 Qxd4 15. Be3 Qg4 16. Qd1 Qg6 17. Qd6 Be6 18.
Rfd1 Ng4 19. Qc5 Rfd8 20. Ne2 Rxd1+ 21. Rxd1 Nxe3 22. Qxe3 Bxa2 23. Qxa7 Re8 24. Qxa2 Qc2 25. Nc3 1-0

[Event "*** Titled Tuesday Blitz"]
[Site "Chess.com"]
[Date "2021.03.02"]
[Round "9"]
[White "SanQui14"]
[Black "BigAl"]
[Result "0-1"]
[WhiteElo "2388"]
[BlackElo "2521"]
[TimeControl "180+1"]
[EndTime "11:44:12 PST"]
[Termination "BigAl won by resignation"]

1. d4 Nf6 2. c4 g6 3. Nc3 Bg7 4. e4 O-O 5. Nf3 d6 6. h3 e5 7. Be3 exd4 8. Nxd4 Re8 9. Bd3 c6 10. O-O d5 11. exd5 cxd5 12. Rc1 Nc6 13. Nxd5 Nxd5 14. cxd5 Nxd4 15. Bxd4 Bxd4 16. Bb5 Re4 17. Bd3 Rh4 18.
g3 Qg5 19. Kg2 Bxh3+ 0-1

[Event "*** Titled Tuesday Blitz"]
[Site "Chess.com"]
[Date "2021.03.02"]
[Round "9"]
[White "Ze-Pequeno"]
[Black "LogoCzar"]
[Result "1-0"]
[WhiteElo "2239"]
[BlackElo "2332"]
[TimeControl "180+1"]
[EndTime "11:44:13 PST"]
[Termination "Ze-Pequeno won by resignation"]

1. e4 c5 2. Nf3 d6 3. d4 cxd4 4.
Nxd4 Nf6 5. Nc3 a6 6. f4 e5 7. Nf3 Qc7 8. a4 b6 9. Bd3 Bb7 10. O-O Nbd7 11. Kh1 Be7 12. Qe1 O-O 13. Nh4 g6 14. f5 d5 15. Bh6 Rfe8 16. Rd1 Nc5 17.
fxg6 fxg6 18. exd5 e4 19. Bc4 Kh8 20. Qe3 Qxh2+ 21.
Kxh2 Ng4+ 22. Kg1 Nxe3 23. Bxe3 Bxh4 24. Bd4+ Kg8 25. d6+ Ne6 26. d7 Re7 27. Bf6 Bxf6 28. Rxf6 Rd8 29. Rxe6 1-0

[Event "*** Titled Tuesday Blitz"]
[Site "Chess.com"]
[Date "2021.03.02"]
[Round "9"]
[White "Jungle_Jaguar"]
[Black "Forantes"]
[Result "1-0"]
[WhiteElo "2597"]
[BlackElo "2426"]
[TimeControl "180+1"]
[EndTime "11:44:22 PST"]
[Termination "Jungle_Jaguar won by resignation"]

1. e4 c5 2. Nf3 Nc6 3. d4 cxd4 4. Nxd4 e5 5. Nb5 a6 6. Nd6+ Bxd6 7. Qxd6 Qf6 8. Qd1 Qg6 9. Nc3 d5 10. Qxd5 Be6 11. Qc5 Rd8 12. Be3 Nf6 13. Bd3 Qxg2 14. O-O-O Ng4 15. Rhg1 Qxh2 16. Rh1 Qg2 17. Rdg1 Nxe3 18.
Qxe3 Qxg1+ 19. Rxg1 O-O 20. Qh6 g6 21. Rh1 1-0

[Event "*** Titled Tuesday Blitz"]
[Site "Chess.com"]
[Date "2021.03.02"]
[Round "9"]
[White "ZiggyStardust64"]
[Black "ljuks68"]
[Result "1-0"]
[WhiteElo "2626"]
[BlackElo "2455"]
[TimeControl "180+1"]
[EndTime "11:44:29 PST"]
[Termination "ZiggyStardust64 won by resignation"]

1. d4 d5 2. Bf4 Nf6 3. e3 c5 4. dxc5 Nc6 5. Bb5 Bd7 6. Nc3 e6 7. Bxc6 bxc6 8. b4 a5 9. a3 g6 10.
Nge2 Bg7 11. Bd6 Ne4 12. Nxe4 dxe4 13. Rb1 f5 14. O-O Kf7 15. c4 Qe8 16. Qb3 a4 17. Qc2 e5 18. Rfd1 g5 19. Nc3 Qe6 20. Nxa4 Qh6 21.
Nb6 Rad8 22. Bc7 1-0

[Event "*** Titled Tuesday Blitz"]
[Site "Chess.com"]
[Date "2021.03.02"]
[Round "9"]
[White "schondeln"]
[Black "Pantata007"]
[Result "1-0"]
[WhiteElo "2387"]
[BlackElo "2247"]
[TimeControl "180+1"]
[EndTime "11:44:40 PST"]
[Termination "schondeln won on time"]

1. e4 e5 2. Bc4 Nf6 3. d3 c6 4. Nf3 d5 5. Bb3 Bd6 6. Nc3 dxe4 7. dxe4 O-O 8. O-O h6 9. h3 Na6 10. Be3 Qe7 11. Nh4 Be6 12. Qf3 Nc5 13. Bxe6 Qxe6 14. Nf5 Kh8 15. Rfd1 1-0

[Event "*** Titled Tuesday Blitz"]
[Site "Chess.com"]
[Date "2021.03.02"]
[Round "9"]
[White "eduardoperalta"]
[Black "Deepweb2020"]
[Result "1-0"]
[WhiteElo "2535"]
[BlackElo "2406"]
[TimeControl "180+1"]
[EndTime "11:44:48 PST"]
[Termination "eduardoperalta won by resignation"]

1. d4 Nf6 2. c4 e6 3. Nc3 Bb4 4.
Nf3 b6 5. e3 Bb7 6. Bd3 Ne4 7.
Qc2 f5 8. O-O Bxc3 9. bxc3 O-O 10. a4 a5 11. Rb1 d6 12. Ne1 Qh4 13. f3 Nf6 14. c5 dxc5 15. dxc5 Bc6 16. cxb6 Bxa4 17.
Qa2 Nd5 18. bxc7 Nxc3 19. Qxe6+ Kh8 20. Rxb8 Raxb8 21. cxb8=Q Rxb8 22. Bb2 Qb4 23. Qxf5 1-0

[Event "*** Titled Tuesday Blitz"]
[Site "Chess.com"]
[Date "2021.03.02"]
[Round "9"]
[White "GUST_b"]
[Black "Nozdrachev_Leonid"]
[Result "0-1"]
[WhiteElo "2365"]
[BlackElo "2535"]
[TimeControl "180+1"]
[EndTime "11:44:48 PST"]
[Termination "Nozdrachev_Leonid won by resignation"]

1. Nf3 d6 2. d4 Nf6 3. g3 g6 4. Bg2 Bg7 5. O-O O-O 6. c4 Nc6 7. Nc3 Bf5 8. d5 Na5 9. Nd4 Bd7 10. b3 c6 11. dxc6 Nxc6 12. Nc2 Qc8 13. e4 Bh3 14. f3 Bxg2 15. Kxg2 h5 16. Be3 h4 17. Qd2 h3+ 18.
Kh1 Rd8 19. Rac1 b6 20. Nd4 Nxd4 21. Bxd4 Qb7 22. Nd5 Nxd5 23. exd5 Qd7 24. Bxg7 Kxg7 25. Qd4+ Kg8 26. Rce1 Rab8 27. Re2 b5 28. Rfe1 Re8 29. Qh4 Qf5 30. Qf4 Qxf4 31. gxf4 bxc4 32. bxc4 Rb4 33.
Rxe7 Rxe7 34. Rxe7 Rb1+ 0-1

[Event "*** Titled Tuesday Blitz"]
[Site "Chess.com"]
[Date "2021.03.02"]
[Round "9"]
[White "Zhigalko_Sergei"]
[Black "Duhless"]
[Result "1-0"]
[WhiteElo "2920"]
[BlackElo "3055"]
[TimeControl "180+1"]
[EndTime "11:44:52 PST"]
[Termination "Zhigalko_Sergei won by resignation"]

1. e4 c5 2. c3 Nf6 3. e5 Nd5 4.
Nf3 Nc6 5. Bc4 Nb6 6. Bb3 c4 7. Bc2 d5 8. exd6 Qxd6 9. O-O Bg4 10. Re1 O-O-O 11. b3 e5 12. Na3 f5 13. h3 Bxh3 14. gxh3 e4 15. Nxc4 Nxc4 16. bxc4 Qg6+ 17. Kh1 Bd6 18. d4 Qh5 19. Ng5 Qh4 20. Bxe4 Qxf2 21.
Re2 Qh4 22. Bxf5+ Kb8 23. Nf7 Qh5 24. Nxd6 Qf3+ 25. Kh2 Rxd6 26. Re8+ 1-0

[Event "*** Titled Tuesday Blitz"]
[Site "Chess.com"]
[Date "2021.03.02"]
[Round "9"]
[White "urutodo"]
[Black "MarcLonoff"]
[Result "1-0"]
[WhiteElo "2306"]
[BlackElo "2133"]
[TimeControl "180+1"]
[EndTime "11:45:00 PST"]
[Termination "urutodo won by resignation"]

1. e4 e6 2. d4 d5 3. exd5 exd5 4. Bf4 Bd6 5. Qd2 Bf5 6. Nc3 Ne7 7. O-O-O O-O 8. f3 Bxf4 9. Qxf4 c6 10. g4 Bg6 11. h4 f6 12. h5 Bf7 13. Bd3 Re8 14.
h6 Ng6 15. Qd2 Nd7 16. hxg7 Qc7 17. Nge2 c5 18. Qh6 Ndf8 19. gxf8=Q+ Nxf8 20. Bxh7+ Nxh7 21. Qxh7+ Kf8 22. Rde1 cxd4 23. Qh6+ Ke7 24. Nxd4+ Kd7 25. Qxf6 Bg8 26. Ncb5 Qg3 27. Qg7+ Kd8 28. Rxe8+ Kxe8 29. Qxg8+ 1-0

[Event "*** Titled Tuesday Blitz"]
[Site "Chess.com"]
[Date "2021.03.02"]
[Round "9"]
[White "Bongcloudtransvestit"]
[Black "AntonovaNadezhda"]
[Result "1-0"]
[WhiteElo "2275"]
[BlackElo "2127"]
[TimeControl "180+1"]
[EndTime "11:45:00 PST"]
[Termination "Bongcloudtransvestit won on time"]

1. c4 Nf6 2. Nf3 g6 3. b3 Bg7 4. Bb2 O-O 5. e3 d6 6. d3 Nbd7 7. Nbd2 e5 8. Qc2 Re8 9. Be2 c6 10. h3 Qe7 11. g4 d5 12. g5 Nh5 13. h4 e4 14. Nd4 Bxd4 15. Bxd4 exd3 16. Bxd3 Ng7 17.
O-O-O Ne5 18. Be2 Bf5 19. Qb2 Nh5 20. Bxe5 Qxe5 21. Qxe5 Rxe5 22. Bxh5 gxh5 23. Nf3 Re7 24. Nd4 Be4 25. Rhg1 1-0

[Event "*** Titled Tuesday Blitz"]
[Site "Chess.com"]
[Date "2021.03.02"]
[Round "9"]
[White "andrzej"]
[Black "Yaryi_sergey"]
[Result "0-1"]
[WhiteElo "2358"]
[BlackElo "2486"]
[TimeControl "180+1"]
[EndTime "11:45:11 PST"]
[Termination "Yaryi_sergey won by resignation"]

1. e4 g6 2. Nc3 Bg7 3. f4 c5 4. Nf3 Nc6 5. Bc4 e6 6. O-O Nge7 7. d4 d5 8. exd5 exd5 9. Bb5 cxd4 10. Ne2 Qb6 11.
Bxc6+ bxc6 12. Kh1 c5 13. a4 a5 14. Ng3 O-O 15. Re1 Nf5 16. Ne5 Nxg3+ 17. hxg3 Bf5 18. g4 Be4 19. Nd7 Qd8 20. Nxf8 Qh4+ 21. Kg1 Rxf8 22. Ra3 c4 23. Rh3 Qd8 24. f5 Qb6 25.
Kh1 d3 26. cxd3 cxd3 27. Rxd3 Qf2 28. Rxe4 dxe4 29. Rd8 e3 30. Rxf8+ Bxf8 31. Qg1 Qh4+ 32. Qh2 Qxh2+ 33. Kxh2 e2 34. Bd2 Bb4 0-1

[Event "*** Titled Tuesday Blitz"]
[Site "Chess.com"]
[Date "2021.03.02"]
[Round "9"]
[White "ChessFighter1975"]
[Black "turayev_shahruh17"]
[Result "1-0"]
[WhiteElo "2365"]
[BlackElo "2464"]
[TimeControl "180+1"]
[EndTime "11:45:16 PST"]
[Termination "ChessFighter1975 won by resignation"]

1. d4 f5 2. g3 Nf6 3. Bg2 g6 4. Nf3 Bg7 5. O-O O-O 6. b3 d5 7. c4 e6 8. Ba3 Re8 9. Ne5 c6 10. Nc3 Nbd7 11. f4 Nxe5 12. fxe5 Ng4 13. Qd3 b6 14. h3 Nh6 15. cxd5 exd5 16. Rac1 a5 17. Qd2 Nf7 18. Na4 Bh6 19. e3 Qg5 20. Rf3 Nxe5 21. dxe5 Rxe5 22. Re1 Rb8 23. Bd6 Re4 24. Bxb8 d4 25. Bf4 Qh5 26. Bxh6 Qxh6 27. Qd3 c5 28.
Nxb6 Be6 29. Qb5 Re5 30. Qe8+ Kg7 31. Qe7+ Kg8 32. Nd7 Re4 33. Nf6+ Kh8 34. Nxe4 fxe4 35. Qf6+ 1-0

[Event "*** Titled Tuesday Blitz"]
[Site "Chess.com"]
[Date "2021.03.02"]
[Round "9"]
[White "Joseacorrea"]
[Black "MerryPoppies"]
[Result "1-0"]
[WhiteElo "2082"]
[BlackElo "2127"]
[TimeControl "180+1"]
[EndTime "11:45:17 PST"]
[Termination "Joseacorrea won by resignation"]

1. d4 d5 2. e3 Nf6 3. Bd3 e6 4. f4 c5 5. c3 Nc6 6. Nf3 Be7 7. Nbd2 cxd4 8. exd4 O-O 9. O-O a6 10. Ne5 Qc7 11. Rf3 h6 12. Rh3 Nh7 13. Bxh7+ Kxh7 14. Qh5 Nxe5 15. fxe5 Bg5 16. Nf3 Bxc1 17. Rxc1 Qe7 18.
g4 f5 19. g5 Qf7 20. Qh4 Kg8 21. gxh6 Qg6+ 22. Rg3 1-0

[Event "*** Titled Tuesday Blitz"]
[Site "Chess.com"]
[Date "2021.03.02"]
[Round "9"]
[White "chescomhuynya"]
[Black "Piccadilly123"]
[Result "1-0"]
[WhiteElo "2551"]
[BlackElo "2257"]
[TimeControl "180+1"]
[EndTime "11:45:18 PST"]
[Termination "chescomhuynya won by checkmate"]

1. d4 d5 2. c4 e6 3. g3 Be7 4.
Nf3 Nf6 5. Bg2 O-O 6. Nc3 b6 7. cxd5 exd5 8. O-O Bb7 9. Ne5 Nbd7 10. Qa4 c5 11. Nxd7 Nxd7 12. Nxd5 cxd4 13. Nxe7+ Qxe7 14. Bxb7 Nc5 15. Qxd4 Nxb7 16. Be3 Rfd8 17. Qa4 Nc5 18. Qa3 Qe5 19. Bxc5 bxc5 20. e3 Rd2 21. b3 h5 22.
Rac1 Rc8 23. h4 Rc7 24. Rfd1 Rcd7 25. Rxd2 Rxd2 26. Qxc5 Qb2 27. Qc8+ Kh7 28. Qf5+ Kh6 29. Rc6+ f6 30. Rc8 g6 31. Qf4+ Kg7 32. Qc7+ Kh6 33.
Rh8# 1-0

[Event "*** Titled Tuesday Blitz"]
[Site "Chess.com"]
[Date "2021.03.02"]
[Round "9"]
[White "DFeco"]
[Black "Romadk"]
[Result "1/2-1/2"]
[WhiteElo "2258"]
[BlackElo "2362"]
[TimeControl "180+1"]
[EndTime "11:45:18 PST"]
[Termination "Game drawn by repetition"]

1. c4 e5 2. g3 Nc6 3. Bg2 g6 4. Nc3 Bg7 5. e4 d6 6. Nge2 f5 7. d3 Nf6 8. O-O O-O 9. Nd5 Ne7 10. Bg5 c6 11. Nxf6+ Bxf6 12. Bxf6 Rxf6 13. f4 Qb6+ 14. Kh1 Qxb2 15. Rb1 Qxa2 16. fxe5 dxe5 17. exf5 Nxf5 18. Qe1 Rf8 19. Nc3 Qc2 20. Qxe5 Qxd3 21. g4 Qd4 22. Qe1 Ne3 23. Rxf8+ Kxf8 24. Qf2+ Kg7 25. Nd1 Qd3 26. Qxe3 Qxb1 27. Qe7+ Kg8 28. Qe8+ Kg7 29. Qe7+ Kg8 30.
Qe8+ Kg7 31. Qe7+ 1/2-1/2

[Event "*** Titled Tuesday Blitz"]
[Site "Chess.com"]
[Date "2021.03.02"]
[Round "9"]
[White "DenisQ"]
[Black "anon481216"]
[Result "1-0"]
[WhiteElo "2647"]
[BlackElo "2490"]
[TimeControl "180+1"]
[EndTime "11:45:19 PST"]
[Termination "DenisQ won by resignation"]

1. Nf3 Nf6 2. c4 e6 3. g3 d5 4. Bg2 Be7 5. O-O O-O 6. d4 dxc4 7. Ne5 Nc6 8. Bxc6 bxc6 9. Nxc6 Qe8 10. Nxe7+ Qxe7 11. Qc2 c5 12. Qxc4 cxd4 13. Qxd4 e5 14. Qh4 h6 15. Nc3 Bb7 16. Be3 Qe6 17. Rfd1 a6 18. Rd2 Rfd8 19. Rad1 Rxd2 20. Rxd2 Rc8 21. Qb4 Qc6 22. f3 e4 23. Rd6 Qc7 24. Rxf6 gxf6 25. Nxe4 Kg7 26. Nd6 Rb8 27. Qg4+ Kh7 28. Qf4 Kg8 29.
Qxf6 1-0

[Event "*** Titled Tuesday Blitz"]
[Site "Chess.com"]
[Date "2021.03.02"]
[Round "9"]
[White "CSB7"]
[Black "ChainsOfFantasia"]
[Result "1-0"]
[WhiteElo "2586"]
[BlackElo "2458"]
[TimeControl "180+1"]
[EndTime "11:45:22 PST"]
[Termination "CSB7 won by checkmate"]

1. e4 e6 2. d4 d5 3. Nc3 Nf6 4. e5 Nfd7 5. Nce2 c5 6. c3 Nc6 7. Nf3 b5 8. a3 Rb8 9. Nf4 b4 10. axb4 cxb4 11. Bd3 bxc3 12. bxc3 Be7 13. h4 Na5 14.
Ng5 Nb3 15. Ngxe6 Qb6 16. Nxd5 Nxa1 17. Nxg7+ Kf8 18. Nxb6 Kxg7 19. Nxc8 Rhxc8 20. Qg4+ Kf8 21. Qxd7 Rxc3 22. Bh6+ Kg8 23. Qg4+ Kh8 24. Qg7# 1-0

[Event "*** Titled Tuesday Blitz"]
[Site "Chess.com"]
[Date "2021.03.02"]
[Round "9"]
[White "AttilaTurzo"]
[Black "Gabix_94"]
[Result "0-1"]
[WhiteElo "2565"]
[BlackElo "2817"]
[TimeControl "180+1"]
[EndTime "11:45:23 PST"]
[Termination "Gabix_94 won by resignation"]

1. d4 g6 2. e4 Bg7 3. c3 d6 4. Nf3 Nc6 5. Bc4 Nf6 6. Qe2 Bg4 7. h3 Bxf3 8. Qxf3 e5 9. d5 Ne7 10. Bd3 O-O 11. c4 Nd7 12. g4 Nc5 13. Bc2 f5 14.
gxf5 gxf5 15. exf5 e4 16. Bxe4 Nxe4 17. Qxe4 Nxf5 18.
O-O Kh8 19. Nc3 Qf6 20. Be3 Rae8 21. Qg4 Bh6 22. Kh1 Rg8 23. Qf4 Bxf4 0-1

[Event "*** Titled Tuesday Blitz"]
[Site "Chess.com"]
[Date "2021.03.02"]
[Round "9"]
[White "zimmm36"]
[Black "ram1zan"]
[Result "0-1"]
[WhiteElo "2350"]
[BlackElo "2922"]
[TimeControl "180+1"]
[EndTime "11:45:30 PST"]
[Termination "ram1zan won by resignation"]

1. d4 d5 2. c4 e6 3. Nf3 Nf6 4. g3 dxc4 5. Bg2 a6 6. O-O Nc6 7. e3 Rb8 8. Nfd2 e5 9. Bxc6+ bxc6 10. dxe5 Ng4 11. Nxc4 Be6 12. Nbd2 Bb4 13. Qc2 h5 14. b3 h4 15. Qe4 hxg3 16. fxg3 Rxh2 17. Nf3 Rh3 18. Kg2 Qd5 19. Qxd5 cxd5 20. Nb2 Rh6 21. Nd3 Be7 22. Bd2 Kd7 23. Rac1 Rbh8 24. Rh1 Bf5 25. Rxh6 Rxh6 26. Nf2 Nxf2 27. Kxf2 Be4 28. Bc3 c5 29. b4 cxb4 30. Bd4 Rc6 31. Rxc6 Kxc6 32. Ng5 Bxg5 0-1

[Event "*** Titled Tuesday Blitz"]
[Site "Chess.com"]
[Date "2021.03.02"]
[Round "9"]
[White "Trickster_Pony"]
[Black "mr65"]
[Result "1/2-1/2"]
[WhiteElo "1460"]
[BlackElo "2075"]
[TimeControl "180+1"]
[EndTime "11:45:34 PST"]
[Termination "Game drawn by repetition"]

1. c4 Nf6 2. g3 g6 3. Bg2 Bg7 4. Nc3 O-O 5. Nf3 d6 6. O-O e5 7. d4 exd4 8. Nxd4 c6 9. h3 Be6 10. Nxe6 fxe6 11. Bg5 h6 12. Be3 d5 13. cxd5 exd5 14. Qd3 Qe8 15. Bc5 Rf7 16. Rfe1 Nbd7 17. Ba3 Rd8 18. Qc2 Ne5 19. e4 d4 20. f4 dxc3 21. fxe5 Qxe5 22. Qxc3 Qxc3 23. bxc3 Nh5 24. g4 Nf4 25. e5 Nxg2 26. Kxg2 Rd2+ 27. Kg1 Rff2 28.
Bc5 Rg2+ 29. Kf1 Rg3 30. e6 Rf3+ 31. Kg1 Rg3+ 32. Kf1 Rf3+ 33. Kg1 Rg3+ 34. Kf1 1/2-1/2

[Event "*** Titled Tuesday Blitz"]
[Site "Chess.com"]
[Date "2021.03.02"]
[Round "9"]
[White "Ekose"]
[Black "indfraeng"]
[Result "1-0"]
[WhiteElo "2529"]
[BlackElo "2394"]
[TimeControl "180+1"]
[EndTime "11:45:38 PST"]
[Termination "Ekose won by resignation"]

1. Nf3 Nf6 2. d4 d5 3. e3 c5 4. c3 Nc6 5. Nbd2 Bf5 6. Bb5 Qb6 7. Qa4 Nd7 8. O-O e6 9. Re1 Bd6 10. e4 dxe4 11. Nxe4 Bxe4 12. Rxe4 O-O 13. Bxc6 bxc6 14. Qc2 Nf6 15. Rh4 cxd4 16. Bg5 d3 17. Qxd3 Qxb2 18. Rb1 Rad8 19. Nd4 Qxa2 20. Bxf6 g6 21.
Rxh7 Qxb1+ 22. Qxb1 Kxh7 23. Qd3 Bf4 24. Qh3+ Bh6 25.
Bg5 Rb8 26. Qxh6+ Kg8 27. h4 Rb1+ 28. Kh2 f6 29. Qxg6+ Kh8 30. Bxf6+ Rxf6 31. Qxf6+ Kg8 32. Qg6+ Kf8 33. Qxb1 Ke7 34. Qe4 Kd6 1-0

[Event "*** Titled Tuesday Blitz"]
[Site "Chess.com"]
[Date "2021.03.02"]
[Round "9"]
[White "Susal_De_Silva"]
[Black "JoakimVonAnd"]
[Result "1-0"]
[WhiteElo "2654"]
[BlackElo "2505"]
[TimeControl "180+1"]
[EndTime "11:45:39 PST"]
[Termination "Susal_De_Silva won by resignation"]

1. e4 c6 2. d4 d5 3. Nc3 dxe4 4. Nxe4 Bf5 5. Ng3 Bg6 6. h4 h6 7. Nf3 Nf6 8. h5 Bh7 9. Bd3 Bxd3 10. Qxd3 e6 11. Bd2 c5 12. O-O-O Nc6 13. Bc3 Qd5 14.
Ne5 cxd4 15. Bxd4 Nxe5 16. Qe2 Bd6 17. Rhe1 Qxa2 18. Qb5+ Ned7 19. Bxf6 Bf4+ 20. Re3 Bxe3+ 21. fxe3 gxf6 22. Rxd7 Kf8 23. Qxb7 Qa1+ 24. Kd2 Qa5+ 25. b4 Qd8 26. Rxd8+ Rxd8+ 27. Ke2 Kg7 28. Ne4 f5 29.
Nc5 Rd6 30. Qxa7 Rhd8 31. Nd3 R8d7 32. Qc5 Rd5 33. Qc3+ Kh7 34. Qb3 f4 35. Nxf4 Rd2+ 36. Kf3 e5 37. Nd3 Re7 38. Nxe5 Rd6 39. Nd3 Rf6+ 40.
Nf4 Rfe6 41. Nxe6 1-0

[Event "*** Titled Tuesday Blitz"]
[Site "Chess.com"]
[Date "2021.03.02"]
[Round "9"]
[White "UCantHandleDenker"]
[Black "tk22h"]
[Result "1-0"]
[WhiteElo "2529"]
[BlackElo "2357"]
[TimeControl "180+1"]
[EndTime "11:45:45 PST"]
[Termination "UCantHandleDenker won by resignation"]

1. Nf3 Nf6 2. d3 d5 3. g3 g6 4. Bg2 Bg7 5. O-O O-O 6. Nbd2 d4 7. e4 dxe3 8. fxe3 c5 9. Qe2 Nc6 10. c3 Bf5 11. e4 Bg4 12. h3 Bxf3 13. Nxf3 e5 14.
a4 Qd6 15. Be3 Rad8 16. Rad1 b6 17. Nh2 Nd7 18. h4 Ne7 19. h5 f5 20. h6 Bf6 21.
Bh3 Qe6 22. Rf2 Bh8 23. Rdf1 Qb3 24. Bg5 Bf6 25. Bc1 Qxa4 26. exf5 Qc6 27. fxg6 Nxg6 28. Qe4 Qxe4 29. dxe4 Be7 30. Be6+ Kh8 31. Ng4 Rxf2 32. Rxf2 Ndf8 33. Bd5 c4 34. Rf7 Bc5+ 35. Kg2 Rd7 36. Bxc4 Rxf7 37. Bxf7 a5 38. Bg5 Be7 39. Bxe7 Nxe7 40.
Nxe5 1-0

[Event "*** Titled Tuesday Blitz"]
[Site "Chess.com"]
[Date "2021.03.02"]
[Round "9"]
[White "Na_binci"]
[Black "Nayemhaque22"]
[Result "0-1"]
[WhiteElo "2158"]
[BlackElo "2314"]
[TimeControl "180+1"]
[EndTime "11:45:45 PST"]
[Termination "Nayemhaque22 won by checkmate"]

1. d4 d5 2. c4 c6 3. Nc3 Nf6 4. e3 e6 5. Nf3 Nbd7 6. Bd3 dxc4 7. Bxc4 b5 8. Bd3 Bd6 9. e4 e5 10. dxe5 Nxe5 11. Nxe5 Bxe5 12. O-O O-O 13. Qe2 Re8 14. Rd1 Qc7 15. g3 Bf5 16. f3 Be6 17. Be3 b4 18. Na4 b3 19. a3 Rad8 20. Nc5 h5 21. Nxe6 Rxe6 22. Bc4 Red6 23. f4 Bxb2 24. Rxd6 Bxa1 25. Rxd8+ Qxd8 26. Bxb3 Nxe4 27. Qc4 Qe7 28. Qxc6 Nxg3 29. Qc8+ Kh7 30. Qc2+ g6 31. Bc5 Qe1+ 32. Kg2 Nf5 33.
Bxf7 Nh4+ 34. Kh3 Qf1+ 35. Kxh4 Qxf4+ 36. Kh3 Qf3+ 37. Kh4 Bf6# 0-1

[Event "*** Titled Tuesday Blitz"]
[Site "Chess.com"]
[Date "2021.03.02"]
[Round "9"]
[White "MatyChess1"]
[Black "SGchess01"]
[Result "0-1"]
[WhiteElo "2612"]
[BlackElo "2852"]
[TimeControl "180+1"]
[EndTime "11:45:48 PST"]
[Termination "SGchess01 won by checkmate"]

1. e4 e5 2. Nf3 Nc6 3. Bc4 Nf6 4.
d3 h6 5. c3 d6 6. O-O g5 7.
Re1 Bg7 8. d4 O-O 9. dxe5 dxe5 10.
Qxd8 Rxd8 11. a4 Nd7 12. a5 Nc5 13. b4 Nd3 14. Rd1 Nxc1 15. Rxc1 a6 16. Na3 Bf6 17. Nc2 g4 18. Nfe1 Bg5 19. Rd1 Be6 20. Bd5 Bxd5 21.
exd5 Ne7 22. c4 f5 23. Nd3 Bf6 24. Nc5 Rab8 25. Ne6 Rdc8 26. Rac1 Kf7 27. Nc5 Rd8 28. Ne3 h5 29. Ne6 Rdc8 30. Nc5 Rd8 31. Ne6 Rd7 32. Nc5 Rd6 33. g3 e4 34. Ng2 c6 35. dxc6 Rxd1+ 36. Rxd1 Nxc6 37. Rd7+ Ke8 38. Nf4 Be7 39. Nfe6 Bxc5 40.
Nxc5 Nxb4 41. Rh7 Rd8 42. Nxb7 Rd1+ 43. Kg2 Nd3 44. Nd6+ Kf8 45. Nxf5 Ne1+ 46. Kf1 Nf3+ 47. Ke2 Re1# 0-1

[Event "*** Titled Tuesday Blitz"]
[Site "Chess.com"]
[Date "2021.03.02"]
[Round "9"]
[White "ehrenfeld"]
[Black "ViktoriyaTarasova"]
[Result "1-0"]
[WhiteElo "2480"]
[BlackElo "2280"]
[TimeControl "180+1"]
[EndTime "11:45:49 PST"]
[Termination "ehrenfeld won by resignation"]

1. e4 e5 2. Nc3 Nf6 3. f4 d5 4.
fxe5 Nxe4 5. Qf3 Nxc3 6. bxc3 Be6 7. d4 Be7 8. Bd3 c5 9. Ne2 Qd7 10. O-O g6 11. Nf4 Nc6 12. Be3 c4 13. Be2 O-O-O 14. Nxe6 fxe6 15. Bh6 g5 16. Qh3 Rdg8 17. Bg4 Rg6 18.
Rf3 Nd8 19. Raf1 Rhg8 20. Bf8 Bxf8 21. Rxf8 Qe7 22. Bxe6+ Rxe6 23. Rxg8 Kc7 24. Rff8 Nc6 25. Qf3 Qa3 26. Qxd5 Re8 27. Qd6+ 1-0

[Event "*** Titled Tuesday Blitz"]
[Site "Chess.com"]
[Date "2021.03.02"]
[Round "9"]
[White "organdzievhren"]
[Black "Skatchkov_V"]
[Result "0-1"]
[WhiteElo "2447"]
[BlackElo "2620"]
[TimeControl "180+1"]
[EndTime "11:45:52 PST"]
[Termination "Skatchkov_V won by resignation"]

1. e4 e5 2. Nf3 d5 3. d4 dxe4 4. Nxe5 Bd6 5. Bf4 Nc6 6. Nxc6 bxc6 7. Bxd6 cxd6 8. Be2 d5 9. O-O Nf6 10. c4 O-O 11. Nc3 Be6 12. cxd5 cxd5 13. Qd2 Rb8 14. b3 Nd7 15. Na4 f5 16. f4 h6 17. Rac1 g5 18. Nc5 Nxc5 19. Rxc5 Qe7 20. Rfc1 Rfc8 21. Ba6 Rxc5 22. Rxc5 Qd6 23. fxg5 Qxa6 24. gxh6 Bf7 25. Qf4 Rb6 26. Rc7 Rxh6 27. Qe5 Qf6 28. Qg3+ Rg6 29.
Qf2 f4 30. h3 e3 31. Qf3 Qxd4 32. Kh2 Rg3 33. Rc8+ Kg7 34. Qe2 Qe5 35. Kh1 f3 36.
gxf3 Qa1+ 0-1

[Event "*** Titled Tuesday Blitz"]
[Site "Chess.com"]
[Date "2021.03.02"]
[Round "9"]
[White "ErikRonka"]
[Black "Mbneu"]
[Result "1-0"]
[WhiteElo "2465"]
[BlackElo "2313"]
[TimeControl "180+1"]
[EndTime "11:45:59 PST"]
[Termination "ErikRonka won by resignation"]

1. e4 c5 2. Nf3 Nf6 3. Nc3 d5 4. Bb5+ Bd7 5. e5 Bxb5 6. Nxb5 Nfd7 7. e6 fxe6 8. O-O a6 9. Nc3 Nc6 10. Re1 g6 11. Ng5 Nd4 12. Ne2 e5 13. Nxd4 cxd4 14. Qf3 Nf6 15. Rxe5 Bg7 16. Ne6 Qb8 17. Nxg7+ Kf7 18.
Qe2 Ne4 19. Rxd5 Ng5 20. Rxg5 1-0

[Event "*** Titled Tuesday Blitz"]
[Site "Chess.com"]
[Date "2021.03.02"]
[Round "9"]
[White "campomania3"]
[Black "WilliamSchill"]
[Result "1-0"]
[WhiteElo "2160"]
[BlackElo "2068"]
[TimeControl "180+1"]
[EndTime "11:45:59 PST"]
[Termination "campomania3 won on time"]

1. d4 Nf6 2. c4 g6 3. Nc3 Bg7 4. Nf3 d6 5. Bf4 O-O 6. h3 c5 7. e3 cxd4 8. exd4 Qb6 9. Qb3 Nc6 10. d5 Qxb3 11. axb3 Nb4 12. Kd2 e5 13. Be3 Nd7 14. Rxa7 Rxa7 15. Bxa7 Nc5 16. Bxc5 dxc5 17. Be2 f5 18. Ra1 e4 19. Ne1 Bh6+ 20. Kd1 Re8 21. g3 g5 22. Nc2 Nd3 23. Bxd3 exd3 24. Ne1 d2 25. Nf3 f4 26. g4 1-0

[Event "*** Titled Tuesday Blitz"]
[Site "Chess.com"]
[Date "2021.03.02"]
[Round "9"]
[White "wannabe2700"]
[Black "pastouche06"]
[Result "1-0"]
[WhiteElo "2708"]
[BlackElo "2546"]
[TimeControl "180+1"]
[EndTime "11:46:00 PST"]
[Termination "wannabe2700 won by resignation"]

1. b3 d5 2. Bb2 Bg4 3. f3 Bf5 4. e4 dxe4 5. Qe2 Nc6 6. fxe4 Bg6 7. Nf3 Nf6 8. Nc3 e5 9. O-O-O Bd6 10. h3 Nh5 11.
Qe3 Ng3 12. Rg1 Nxf1 13. Rgxf1 O-O 14. g4 Re8 15. h4 f6 16. h5 Bf7 17. Nh4 Nd4 18.
Nf5 Ne6 19. Ne2 Bc5 20. d4 exd4 21. Nexd4 Qc8 22. h6 g6 23. Ng3 Ng5 24. Rxf6 Qxg4 25. Rf4 Qh3 26. Qc3 Bd6 27. Ne6 Be5 28. Qxe5 1-0